AoeStats
← [NICE_ASS] BigMasi

African Clearing

504524713Analyzed
4v4 RM · 27d ago on Sep 5, 2026· 29m 20s· 8 players
Game mode
Random Map
Map size
Large (8 player)
Population
200
Speed
Normal
Resources
Standard
Victory
Conquest
Starting age
Dark Age
Ending age
Imperial Age
RankedLock teamsTeams togetherTeam positionsShared explorationLock speedFull tech treeHidden civsTurbo modeCheats
Victory
Defeat
🇳🇱 Malians · Netherlands
1224
+16
🇹🇷 Berbers · Türkiye
1202
+17
🇬🇧 Cumans · United Kingdom
1197
+17
🇨🇭 Wu · Switzerland
1178
+17
🇫🇷 Hindustanis · France
1283
-20
🇮🇳 Shu · India
1228
-17
🇨🇴 Huns · Colombia
1205
-16
🇨🇳 Persians · China
1160
-14
[NICE_ASS] BigMasi
5:31 Loom
15:33 Feudal Age
17:01 Double-Bit Axe
20:47 Castle Age
18:55 Scale Mail Armor
24:04 Squires
27:14 Chain Mail Armor
27:09 Forging
26:46 Arson
milaqet
7:55 Loom
13:35 Feudal Age
14:41 Double-Bit Axe
14:37 Horse Collar
21:51 Town Watch
24:55 Castle Age
23:07 Scale Barding Armor
23:34 Forging
24:40 Bloodlines
26:52 Chain Barding Armor
27:55 Iron Casting
29:27 Wheelbarrow
Scandinavian
3:57 Loom
12:35 Feudal Age
13:21 Double-Bit Axe
14:10 Horse Collar
24:00 Castle Age
23:59 Bloodlines
24:03 Light Cavalry
25:09 Husbandry
Brandon
4:58 Loom
15:08 Feudal Age
19:33 Castle Age
17:57 Stone Mining
18:05 Double-Bit Axe
20:28 Fletching
20:40 Scale Mail Armor
20:50 Forging
21:52 Arson
22:07 Squires
27:32 Chain Mail Armor
28:03 Iron Casting
Sahraoui
3:50 Loom
15:08 Feudal Age
15:46 Double-Bit Axe
22:02 Castle Age
21:26 Stone Mining
22:18 Wheelbarrow
KokeEcheverri
5:14 Loom
15:46 Feudal Age
16:21 Double-Bit Axe
21:38 Castle Age
22:07 Forging
22:03 Scale Barding Armor
_HerculePoirot_
6:29 Loom
13:31 Feudal Age
14:11 Double-Bit Axe
14:43 Town Watch
14:58 Fletching
21:28 Wheelbarrow
25:53 Castle Age
25:01 Padded Archer Armor
26:16 Crossbowman
27:06 Thumb Ring
26:58 Bodkin Arrow
27:19 Leather Archer Armor
孤鸿
9:00 Loom
14:44 Feudal Age
18:59 Castle Age
17:28 Double-Bit Axe
17:37 Gold Mining
19:49 Bow Saw
22:35 Horse Collar
24:41 Wheelbarrow
25:33 Scale Barding Armor
26:19 Husbandry
28:13 Bloodlines
28:15 Forging
Connection lost

Rejoining the realm…

Still unreachable

The connection could not be restored.

Session expired

The server has moved on; the page needs a fresh start.